 Dungeon Crawl Stone Soup version 0.30.0 (webtiles) character file.

Game seed: 14965593540357549912

88153 Acheron the Cleaver (level 15, 0/135 (145) HPs)
             Began as a Troll Delver on May 6, 2023.
             Was the Champion of Qazlal.
             Slain by a jumping spider simulacrum (17 damage)
             ... on level 2 of the Spider Nest.
             The game lasted 02:00:42 (17032 turns).

Acheron the Cleaver (Troll Delver)                 Turns: 17032, Time: 02:01:01

HP:   0/135 (145)   AC: 21    Str: 30    XL:     15   Next: 45%
MP:   28/28         EV: 14    Int:  6    God:    Qazlal [******]
Gold: 3707          SH: 29    Dex: 17    Spells: 14/14 levels left

rFire   . . .        s - +8 mithril axe "Arga" {speed, Will+}
rCold   . . .        g - +2 kite shield
rNeg    . . .        K - +6 acid dragon scales
rPois   +            (helmet restricted)
rElec   .            G - +0 cloak {rPois}
rCorr   +            (gloves unavailable)
SInv    .            (boots unavailable)
Will    ++...        I - amulet of reflection
Stlth   +            M - +6 ring of strength
HPRegen 1.22/turn    L - ring of the Octopus King {HP+2 MP+9 AC+2 EV+2 SH+2}
MPRegen 0.21/turn

%: repel missiles, reflection
@: lethally poisoned (0 -> 0), protected from physical damage, drained
A: large, unfitting armour, claws 3, regeneration 1, shaggy fur 1, tough skin 1
a: Renounce Religion, Upheaval, Elemental Force, Disaster Area


You were on level 2 of the Spider Nest.
You worshipped Qazlal.
Qazlal was exalted by your worship.
You visited 8 branches of the dungeon, and saw 27 of its levels.

You collected 3779 gold pieces.
You spent 72 gold pieces at shops.

Inventory:

Hand Weapons
 d - a +4 scimitar of flaming
 s - the +8 mithril axe "Arga" (weapon) {speed, Will+}
   (You acquired it on level 3 of the Dungeon)

   Will:      It increases your willpower.
 N - a +3 dagger of holy wrath
Missiles
 p - 14 boomerangs (quivered)
 H - 2 curare-tipped darts
 O - 5 atropa-tipped darts
 R - 3 javelins
Armour
 g - a +2 kite shield (worn)
 G - a +0 cloak of poison resistance (worn)
 K - +6 acid dragon scales (worn)
Magical Staves
 i - the staff of death "Wufinaeg" {rPois rN+ Dex+3}
   (You found it on level 10 of the Dungeon)

   [staff of death]

   Base accuracy: +5 Base damage: 5 Base attack delay: 1.2 This weapon's minimum
   attack delay (0.6) is reached at skill level 12.
   Dex:       It affects your dexterity (+3).
   rPois:     It protects you from poison.
   rN:        It protects you from negative energy.
   It falls into the 'Staves' category.
   It is a one-clawed weapon.
Jewellery
 k - a ring of ice
 q - a ring of poison resistance
 r - a ring of see invisible
 F - an amulet of regeneration
 I - an amulet of reflection (around neck)
 L - a ring of the Octopus King (right claw) {HP+2 MP+9 AC+2 EV+2 SH+2}
   (You found it on level 5 of the Lair of Beasts)

   [ring of magical power]

   AC:        It affects your AC (+2).
   EV:        It affects your evasion (+2).
   HP:        It affects your health (+2).
   MP:        It affects your magic capacity (+9).
   SH:        It affects your SH (+2).
 M - a +6 ring of strength (left claw)
 S - a ring of protection from cold
Wands
 a - a wand of iceblast (8)
 f - a wand of digging (11)
 v - a wand of flame (47)
 w - a wand of mindburst (15)
 J - a wand of charming (17)
Scrolls
 b - a scroll of fog
 c - 3 scrolls of magic mapping
 e - 4 scrolls of identify
 m - a scroll of acquirement
 n - 6 scrolls of teleportation
 o - 3 scrolls of immolation
 y - 4 scrolls of blinking
 C - 3 scrolls of poison
 P - a scroll of fear
Potions
 h - 5 potions of brilliance
 j - 6 potions of flight
 l - 3 potions of lignification
 t - 2 potions of cancellation
 u - 9 potions of curing
 x - 5 potions of mutation
 A - a potion of berserk rage
 B - 3 potions of ambrosia
 D - 6 potions of might
 E - 2 potions of magic
 T - a potion of heal wounds
 U - a potion of resistance {unknown}
Miscellaneous
 z - a lightning rod (4/4)


   Skills:
 * Level 7.9 Fighting
 + Level 3.0 Long Blades
 * Level 13.2 Axes
 * Level 7.5 Throwing
 * Level 4.8 Armour
 * Level 6.8 Dodging
 + Level 6.1 Stealth
 * Level 9.6 Shields
 + Level 3.3 Unarmed Combat
 * Level 7.1 Invocations
 * Level 5.8 Evocations


You had 14 spell levels left.
You didn't know any spells.
Your spell library contained the following spells:

 Spells                   Type           Power      Damage    Failure   Level
 Foxfire                  Conj/Fire      0%         2x1d4     67%         1
 Kiss of Death            Conj/Necr      0%         2d5       67%         1
 Sting                    Tmut/Pois      0%         1d3       67%         1
 Ensorcelled Hibernation  Hex/Ice        0%         N/A       82%         2
 Passwall                 Tmut/Erth      0%         N/A       82%         2
 Poisonous Vapours        Pois/Air       0%         N/A       82%         2
 Confusing Touch          Hex            0%         N/A       96%         3
 Gell's Gravitas          Tloc           0%         N/A       96%         3
 Stone Arrow              Conj/Erth      0%         3d7       96%         3
 Swiftness                Air            0%         N/A       96%         3
 Teleport Other           Tloc           0%         N/A       96%         3
 Anguish                  Hex/Necr       0%         N/A       100%        4
 Animate Armour           Summ/Erth      0%         N/A       100%        4
 Cause Fear               Hex            0%         N/A       100%        4
 Dispel Undead            Necr           0%         3d6       100%        4
 Olgreb's Toxic Radiance  Pois           0%         N/A       100%        4
 Passage of Golubria      Tloc           0%         N/A       100%        4
 Blade Hands              Tmut           0%         N/A       100%        5
 Fireball                 Conj/Fire      0%         3d3       100%        5
 Silence                  Hex/Air        0%         N/A       100%        5
 Dispersal                Tloc           0%         N/A       100%        6
 Iron Shot                Conj/Erth      0%         9d1       100%        6
 Plasma Beam              Fire/Air       0%         2x1d11    100%        6
 Starburst                Conj/Fire      0%         6d3       100%        6
 Enfeeble                 Hex            0%         N/A       100%        7
 Lehudib's Crystal Spear  Conj/Erth      0%         10d2      100%        8
 Chain Lightning          Conj/Air       0%         N/A       100%        9
 Fire Storm               Conj/Fire      0%         5d1       100%        9
 Shatter                  Erth           0%         3d5*      100%        9


Dungeon Overview and Level Annotations

Branches:
Dungeon (12/15)            Temple (1/1) D:5            Lair (5/5) D:11
  Swamp (2/4) Lair:2       Spider (3/4) Lair:3        Slime (1/5) Lair:5
    Orc (2/2) D:9             Elf (1/3) Orc:2

Altars:
Cheibriados
Fedhas
Gozag
Hepliaklqana
Kikubaaqudgha
Makhleb
Nemelex Xobeh
Qazlal
Ru
Sif Muna
Trog
Uskayaw
Vehumet
Wu Jian
Xom
Yredelemnul
Zin
The Shining One

Shops:
D:5 [   D:7 ((::*

Portals:
Trove: D:10 (give 15 scrolls of teleportation)

Annotations:
D:5 exclusion: downstairs
D:6 2 transporters, 3 runed translucent doors, Venard's ghost, novice HuWn
D:7 2 transporters, exclusion: oklob plant, Gandelf's ghost, novice SpCj
D:10 exclusions: downstairs and upstairs
Lair:5 exclusion: 4 oklob plants
Spider:1 1 runed translucent door, flt's ghost, adept GrGl
Spider:2 exclusion: downstairs


Innate Abilities, Weirdness & Mutations

You are too large for most types of armour.
You have claws for hands.
Your natural rate of healing is unusually fast.
You are covered in fur. (AC +1)
You have tough skin. (AC +1)


Message History

Qazlal accepts your kill.
You closely miss the jumping spider. You slash the tarantella!
A freezing mist starts to gather...
A wolf spider simulacrum comes into view.
You feel sick.
The jumping spider leaps!
You block the tarantella's attack. You block the jumping spider's attack.
The jumping spider closely misses you.
You slice the tarantella!!
The tarantella is almost dead.
You slash the jumping spider! You slash the wolf spider simulacrum!
You feel sick. You block the tarantella's attack.
The jumping spider barely misses you. You block the jumping spider's attack.
Unknown command.
You slice the tarantella!!
You kill the tarantella!
Qazlal accepts your kill.
You barely miss the wolf spider simulacrum.
You hit the jumping spider but do no damage.
You slash the jumping spider!
You kill the jumping spider!
Qazlal accepts your kill.
A freezing mist starts to gather... x2
A jumping spider simulacrum and a tarantella simulacrum come into view.
You feel sick.
The wolf spider simulacrum is engulfed in blazing flames.
You block the wolf spider simulacrum's attack. x2
The jumping spider leaps!
The jumping spider simulacrum attacks as you move away!
You block the jumping spider simulacrum's attack.
The jumping spider simulacrum bites you but does no damage.
You feel sick.
The jumping spider leaps!
The wolf spider simulacrum is engulfed in blazing flames.
The wolf spider simulacrum vaporises!
You block the tarantella simulacrum's attack.
You slash the jumping spider simulacrum!
The jumping spider simulacrum is moderately damaged.
You hit the tarantella simulacrum.
You feel sick.
The jumping spider simulacrum pounces on you.
* * * LOW HITPOINT WARNING * * *
The jumping spider simulacrum freezes you!
You die...

....# #^.^..## ..[##
##.)....# #..## ### #......##
##..####.### ###....#
#...##^.#.# #### ##....##
##.........# ##○^#####......#
#...#..†...###.#^....[#.#...#
#................°°......^..#
###^..........☼°@.°....######
###...###......ZZ§#..)##
#.#....#..(.#.##§.§..##
#.......<...#####.s...#
##^#..^.#..## ###.....#
##...#..######.^^#####
##.##### #(...## ### #....#
######


You could see a jumping spider (soul bound), a jumping spider simulacrum and a
tarantella simulacrum.

Vanquished Creatures
  Jorgrun (Orc:2)
  2 eleionomae (Swamp:1)
  The ghost of Mysteryquy the Bludgeoner, a journeyman DsGl of Yredelemnul (Lair:5)
  Azrael (Spider:1)
  A bunyip (Swamp:1)
  A shambling mangrove (Swamp:1)
  2 entropy weavers (Spider:2)
  Josephine (Lair:5)
  Erolcha (Orc:1)
  5 hydras
  A merfolk avatar (Lair:5)
  A boulder beetle (Spider:1)
  Erica (Orc:1)
  5 jorogumos (Spider:1)
  2 death yaks (Lair:5)
  2 orc high priests (Orc:2)
  2 alligators (Swamp:1)
  Nergalle (Lair:3)
  Sonja (Lair:2)
  A spriggan (Swamp:1)
  A skyshark (Lair:4)
  4 pharaoh ants
  4 sea snakes (Lair:5)
  A bog body (Swamp:1)
  6 wolf spider zombies (Spider:1)
  4 steelbarb worms (Spider:1)
  A necromancer (Spider:1)
  2 orc knights (Orc:2)
  6 wolf spiders
  An orc sorcerer (Orc:1)
  A moth of wrath (Spider:2)
  19 elephants
  4 black mambas
  14 demonic crawlers
  11 cane toads
  2 torpor snails
  11 komodo dragons
  A kobold demonologist (D:11)
  8 redback zombies (Spider:1)
  A tyrant leech (Swamp:2)
  4 polar bears (Lair:5)
  5 tarantellas
  3 hornets
  3 trolls
  13 blink frogs
  6 tarantella zombies (Spider:1)
  5 culicivora zombies (Spider:1)
  4 slime creatures (D:11)
  24 jumping spiders
  A snapping turtle (Lair:5)
  A shadow (D:11)
  Sigmund (D:3)
  6 culicivoras
  7 wraiths
  Eustachio (D:6)
  7 fire elementals (Spider:1)
  5 wyverns
  23 yaks
  A basilisk (Lair:1)
  15 redbacks
  A steam dragon (D:9)
  Menkaure (D:6)
  A swamp worm (Swamp:1)
  3 wargs
  14 water moccasins
  2 acid dragons
  2 ice beasts (D:5)
  22 orc warriors
  3 black bears
  9 ogres
  10 wolves
  2 centaurs
  9 bullfrogs
  A gnoll sergeant (D:7)
  4 scorpions
  9 wights (D:9)
  4 killer bees (D:7)
  3 electric eels
  4 howler monkeys
  7 hounds
  13 jellies
  27 orc priests
  A sleepcap (D:6)
  Natasha (thrice) (D:3)
  3 iguanas
  22 orc wizards
  5 hell rats (Lair:5)
  Robin (D:2)
  8 adders
  4 gnolls (D:7)
  A shadow imp (D:5)
  A white imp (D:8)
  An ufetubus (D:7)
  2 dart slugs
  62 orcs
  5 bats
  12 endoplasms
  8 giant cockroaches
  12 goblins
  8 hobgoblins
  6 jackals
  5 quokkas
  7 ball pythons
  2 frilled lizards (D:3)
  3 kobolds
  4 rats
  2 butterflies (D:5)
609 creatures vanquished.

Vanquished Creatures (collateral kills)
  3 jumping spiders (Spider:1)
3 creatures vanquished.

Vanquished Creatures (others)
  An orb spider (Spider:1)
  A culicivora (Spider:1)
  2 jumping spiders (Spider:1)
  A redback (Spider:1)
  An orc priest (Orc:2)
  2 orcs (Orc:2)
  38 fungi
  49 plants
  A withered plant (D:3)
96 creatures vanquished.

Grand Total: 708 creatures vanquished

Notes
Turn   | Place    | Note
-------+----------+-------------------------------------------
     0 | D:5      | Acheron the Troll Delver began the quest for the Orb.
     0 | D:5      | Reached XP level 1. HP: 22/22 MP: 0/0
     5 | D:5      | Noticed an iguana
    38 | D:4      | Noticed a scorpion
    51 | D:4      | Noticed a hound
   243 | D:1      | Reached XP level 2. HP: 28/29 MP: 1/1
   753 | D:3      | Noticed Natasha
   762 | D:3      | Killed Natasha
   763 | D:3      | Reached XP level 3. HP: 33/36 MP: 2/2
   776 | D:3      | Found a snail-covered altar of Cheibriados.
   776 | D:3      | Found a radiant altar of Vehumet.
   776 | D:3      | Found a stormy altar of Qazlal.
   776 | D:3      | Found a hazy altar of Hepliaklqana.
   786 | D:3      | Became a worshipper of Qazlal Stormbringer
   853 | D:3      | Noticed Natasha
   867 | D:3      | Killed Natasha
   868 | D:3      | Reached XP level 4. HP: 35/44 MP: 3/3
   916 | D:3      | Found a hide-covered altar of Uskayaw.
   917 | D:3      | Noticed Sigmund
   967 | D:3      | Found an opulent altar of Gozag.
   992 | D:3      | Found a sacrificial altar of Ru.
  1015 | D:3      | Noticed Natasha
  1026 | D:3      | Identified 3 scrolls of acquirement
  1026 | D:3      | Acquired the +8 mithril axe "Arga" {speed, Will+}
  1026 | D:3      | Found the +8 mithril axe "Arga" {speed, Will+}
  1033 | D:3      | Killed Natasha
  1132 | D:3      | Found a blossoming altar of Fedhas.
  1132 | D:3      | Found an ancient bone altar of Kikubaaqudgha.
  1245 | D:4      | Reached skill level 1 in Shields
  1245 | D:4      | Reached XP level 5. HP: 50/50 MP: 4/4
  1286 | D:6      | Noticed an ogre
  1313 | D:5      | Reached * piety under Qazlal
  1328 | D:5      | Reached skill level 1 in Invocations
  1329 | D:5      | Identified the +6 chain mail of the Villain {Stlth+}
  1346 | D:5      | Noticed an ice beast
  1358 | D:5      | Killed an ice beast
  1359 | D:5      | Reached skill level 1 in Axes
  1359 | D:5      | Reached skill level 1 in Throwing
  1359 | D:5      | Reached XP level 6. HP: 59/59 MP: 5/5
  1410 | D:5      | Found Zoimanwa's Antique Armour Emporium.
  1421 | D:5      | Noticed a water moccasin
  1429 | D:5      | Killed a water moccasin
  1469 | D:5      | Reached skill level 2 in Axes
  1469 | D:5      | Reached skill level 1 in Evocations
  1506 | D:5      | Reached XP level 7. HP: 66/67 MP: 7/7
  1635 | D:5      | Found a staircase to the Ecumenical Temple.
  1649 | D:5      | Reached skill level 3 in Axes
  1652 | Temple   | Entered the Ecumenical Temple
  1850 | D:2      | Noticed Robin
  1855 | D:2      | Reached ** piety under Qazlal
  1859 | D:2      | Killed Robin
  2002 | D:2      | Reached XP level 8. HP: 75/75 MP: 8/8
  2561 | D:3      | Killed Sigmund
  2952 | D:4      | Reached skill level 4 in Axes
  3394 | D:6      | Found a basalt altar of Yredelemnul.
  3402 | D:6      | Found a glowing golden altar of the Shining One.
  3404 | D:6      | Noticed an angel
  3443 | D:6      | Noticed Eustachio
  3449 | D:6      | Noticed Menkaure
  3456 | D:6      | Killed Eustachio
  3457 | D:6      | Reached skill level 5 in Axes
  3458 | D:6      | Killed Menkaure
  3466 | D:6      | Reached XP level 9. HP: 26/84 MP: 9/9
  3542 | D:6      | Found a transporter.
  3551 | D:6      | Noticed a kobold demonologist
  3720 | D:6      | Found a transporter.
  4122 | D:7      | Reached *** piety under Qazlal
  4244 | D:7      | Found Vomn's General Store.
  4249 | D:7      | Bought a scroll of identify for 24 gold pieces
  4249 | D:7      | Bought a potion of might for 48 gold pieces
  4273 | D:7      | Found a bloodstained altar of Trog.
  4340 | D:7      | Found Maussaf's Weapon Shoppe.
  4401 | D:7      | Found Lasmeul's Book Shoppe.
  4407 | D:7      | Reached skill level 6 in Axes
  4409 | D:7      | Found Nerax's Book Shoppe.
  4445 | D:7      | Found a transporter.
  4460 | D:7      | Found a transporter.
  4476 | D:7      | Noticed Gandelf's ghost (novice SpCj)
  4501 | D:7      | Found Torriel's Weapon Shoppe.
  4709 | D:7      | Noticed an oklob plant
  4829 | D:6      | Found a runed translucent gate.
  4829 | D:6      | Found a runed translucent gate.
  4829 | D:6      | Found a runed translucent gate.
  4830 | D:6      | Found an opulent altar of Gozag.
  4830 | D:6      | Noticed Venard's ghost (novice HuWn)
  4889 | D:7      | Acquired 864 gold pieces
  5221 | D:8      | Reached **** piety under Qazlal
  5257 | D:8      | Identified the +0 spear "Caufav" {heavy, rN+ Str+2}
  5702 | D:10     | Entered Level 10 of the Dungeon
  5856 | D:11     | Reached skill level 7 in Axes
  5887 | D:11     | Reached XP level 10. HP: 84/94 MP: 11/11
  5933 | D:10     | Noticed a seven-headed hydra
  6043 | D:9      | Found a staircase to the Orcish Mines.
  6050 | Orc:1    | Entered Level 1 of the Orcish Mines
  6050 | Orc:1    | You fall into a shaft and drop 1 floor!
  6050 | Orc:2    | Entered Level 2 of the Orcish Mines
  6050 | Orc:2    | Noticed Jorgrun
  6059 | Orc:1    | Noticed an orc sorcerer
  6065 | Orc:1    | Noticed a soul eater
  6066 | Orc:1    | Killed an orc sorcerer
  6067 | Orc:1    | Reached skill level 8 in Axes
  6355 | Orc:2    | Reached skill level 5 in Fighting
  6373 | Orc:2    | Killed Jorgrun
  6374 | Orc:2    | Reached XP level 11. HP: 99/102 MP: 8/13
  6598 | Orc:2    | Reached ***** piety under Qazlal
  6826 | Orc:2    | Noticed an orc high priest
  6846 | Orc:2    | Noticed a soul eater
  6868 | Orc:2    | Killed an orc high priest
  6869 | Orc:2    | Reached skill level 9 in Axes
  6908 | Orc:1    | Reached skill level 5 in Shields
  7049 | Orc:2    | Found a staircase to the Elven Halls.
  7059 | Elf:1    | Entered Level 1 of the Elven Halls
  7059 | Elf:1    | Noticed a deep elf pyromancer
  7059 | Elf:1    | Noticed a deep elf zephyrmancer
  7059 | Elf:1    | Noticed a deep elf pyromancer
  7059 | Elf:1    | Noticed a deep elf pyromancer
  7092 | Orc:2    | Noticed an orc knight
  7107 | Orc:2    | Noticed an orc high priest
  7118 | Orc:2    | Killed an orc knight
  7120 | Orc:2    | Noticed an orc knight
  7125 | Orc:2    | Killed an orc high priest
  7126 | Orc:2    | Reached skill level 1 in Armour
  7134 | Orc:2    | Noticed an orc knight
  7135 | Orc:2    | Killed an orc knight
  7304 | Orc:1    | Noticed Erolcha
  7304 | Orc:1    | Noticed Erica
  7314 | Orc:1    | Killed Erica
  7315 | Orc:1    | Killed Erolcha
  7620 | D:9      | Reached skill level 5 in Throwing
  7706 | D:9      | Reached skill level 5 in Stealth
  7844 | D:9      | Found a glowing silver altar of Zin.
  7847 | D:9      | Noticed an angel
  7850 | D:9      | Found a shimmering altar of Xom.
  8188 | D:10     | Killed a three-headed hydra
  8189 | D:10     | Reached XP level 12. HP: 58/111 MP: 14/14
  8197 | D:10     | Reached skill level 5 in Dodging
  8412 | D:10     | Identified the staff of death "Wufinaeg" {rPois rN+ Dex+3}
  8419 | D:10     | Found a portal to a secret trove of treasure.
  8915 | D:11     | Reached skill level 10 in Axes
  8965 | D:11     | Found a staircase to the Lair.
  8976 | Lair:1   | Entered Level 1 of the Lair of Beasts
  9199 | D:11     | Reached skill level 5 in Invocations
  9853 | Lair:2   | Found a staircase to the Swamp.
  9884 | Lair:2   | Noticed Sonja
  9898 | Lair:2   | Killed Sonja
 10046 | Lair:2   | Noticed a seven-headed hydra
 10108 | Lair:3   | Found a hole to the Spider Nest.
 10176 | Lair:3   | Noticed Nergalle
 10193 | Lair:3   | Killed Nergalle
 10230 | Lair:3   | Reached ****** piety under Qazlal
 10481 | Lair:4   | Reached skill level 11 in Axes
 10481 | Lair:4   | Reached XP level 13. HP: 106/120 MP: 16/16
 10494 | Lair:4   | Acquired 975 gold pieces
 10573 | Lair:5   | Entered Level 5 of the Lair of Beasts
 10601 | Lair:5   | Found a runed translucent door.
 10616 | Lair:5   | Reached skill level 1 in Long Blades
 10632 | Lair:5   | Noticed Mysteryquy's ghost (journeyman DsGl)
 11244 | Lair:5   | Found the sphere of Battle
 11245 | Lair:5   | Found the ring of the Octopus King
 11264 | Lair:5   | Identified a ring of the Octopus King {HP+2 MP+9 AC+2 EV+2
                  | SH+2}
 11401 | Lair:5   | Noticed Josephine
 11403 | Lair:5   | Killed Josephine
 11431 | Lair:5   | Found a staircase to the Slime Pits.
 11661 | Lair:5   | Killed Mysteryquy's ghost
 11941 | Lair:4   | Reached XP level 14. HP: 131/131 MP: 17/17
 12025 | Spider:1 | Entered Level 1 of the Spider Nest
 12084 | Spider:1 | Reached skill level 12 in Axes
 12090 | Spider:1 | Reached skill level 5 in Evocations
 12973 | Slime:1  | Entered Level 1 of the Pits of Slime
 13461 | Swamp:1  | Entered Level 1 of the Swamp
 13986 | Lair:1   | You fall into a shaft and drop 1 floor!
 15689 | Spider:1 | Noticed Azrael
 15698 | Spider:1 | Killed Azrael
 15711 | Spider:1 | Reached XP level 15. HP: 82/140 MP: 19/19
 16041 | Spider:1 | Reached skill level 13 in Axes
 16581 | Spider:1 | Found a runed translucent door.
 16581 | Spider:1 | Noticed flt's ghost (adept GrGl)
 16868 | Spider:2 | Identified the +1 leather armour of Incorporation {Rampage
                  | rC+ Str+2}
 17032 | Spider:2 | Slain by a jumping spider simulacrum

Illustrated notes

Levels and vault maps discovered:
D:1:      psy_arrival_fountain, layout_rooms, minmay_heptomino_h4
D:2:      layout_loops_corners, uniq_robin
D:3:      layout_loops_ring, grunt_temple_overflow_growth_and_decay,
          mainiacjoe_overflow_catwalk, overflow_temple_1_default,
          mainiacjoe_overflow_alcove_1,
          chequers_temple_overflow_statue_of_worship, uniq_sigmund, uniq_natasha
D:4:      layout_loops_cross, minmay_tree_intersection
D:5:      layout_rooms, minmay_temple_entry_butterflies, serial_shops,
          shop_fountains, nicolae_half_adder
D:6:      gammafunk_wand_slinger, layout_cave_pools,
          grunt_temple_overflow_holy_war, lightli_ossuary_entry_decrepit_ruins,
          portal_sewer_entry_f, ebering_ghost_gozag, corexii_leaking_fountain,
          uniq_menkaure, uniq_eustachio
D:7:      lemuel_slime, layout_loops_ring, trog_book, gammafunk_ghost_hive,
          serial_shops, nicolae_shop_real_fake_doors, shop, shop, shop,
          kennysheep_mini_moat, hangedman_decor_opposing
D:8:      layout_basic, serial_aquarium, aquarium_bridge_island_small
          [aquarium_subvault_small_open, aquarium_subvault_bridge,
          aquarium_subvault_wall, aquarium_subvault_window,
          aquarium_subvault_wall], aquarium_window_corridor_2,
          aquarium_window_1, aquarium_window_fake, aquarium_view_2c,
          aquarium_view_2d, hangedman_decor_lopped
D:9:      layout_cave_pools, grunt_temple_overflow_order_and_chaos_1,
          hiddenorc1_lemuel, nicolae_water_bricks, nicolae_sextant
D:10:     layout_basic, enter_trove_0, small_chamber_with_monster
D:11:     layout_basic, grunt_lair_entry_orc_guard_hut, minmay_misc_feat_plants
D:12:     minmay_chopped_fan, layout_basic, uniq_maurice, uniq_kirke
Temple:   nicolae_temple_colour_theory
Lair:1:   layout_chaotic_city, chequers_serial_rivers_large_a,
          beast_lair_carwin_4
Lair:2:   layout_roguey, swamp_mist, serial_bayou_shore_b, lemuel_fruit_tree,
          uniq_sonja
Lair:3:   layout_chaotic_city, spider_nest_entry_a, infiniplex_staircase_pool_2,
          uniq_nergalle
Lair:4:   layout_cave_pods, serial_bayou_ford_a, chequers_serial_rivers_micro_d
Lair:5:   gammafunk_lair_ancient_temple, layout_long_grid, slime_entry_1,
          hellmonk_ghost_happy_afterlife, dpeg_oklob_1, serial_bayou_shore_a,
          uniq_josephine
Swamp:1:  layout_falls_marsh, nicolae_swamp_godswood, uniq_frances, uniq_donald
Swamp:2:  layout_falls_marsh, serial_swamp_ruin, evilmike_swamp_ruin_house_4,
          evilmike_swamp_ruin_rubble_2, evilmike_swamp_ruin_rubble_1
Spider:1: lemuel_spider_zombies, ebering_ghost_reflecting_pool,
          nicolae_spider_world_wide_web, uniq_azrael
Spider:2: layout_spider_delve, worms_lemuel
Spider:3: layout_cave_pods, amcnicky_altar_lugonu_corruption
Slime:1:  layout_caves
Orc:1:    layout_caves, uniq_erolcha, uniq_erica
Orc:2:    st_orc_pillars, layout_caves, enter_volcano_4, uniq_jorgrun
Elf:1:    eino_elf_arrival_sip, layout_loops_cross, serial_shops,
          nicolae_shop_peninsula, hangedman_corner_corridor, uniq_agnes

Skill      XL: |  1  2  3  4  5  6  7  8  9 10 11 12 13 14 15 |
---------------+----------------------------------------------+-----
Stealth        | 3 4 5 6 |  6.1
Dodging        | 2 3 4 5 6 |  6.8
Shields        | 1 2 3 4 5 6 7 9 |  9.6
Unarmed Combat | 3 |  3.3
Invocations    | 1 2 3 4 5 6 7 |  7.1
Axes           | 1 2 3 5 7 8 9 11 12 13 | 13.2
Throwing       | 1 2 3 4 5 6 7 |  7.5
Fighting       | 3 4 5 6 7 |  7.9
Evocations     | 1 2 3 4 5 |  5.8
Armour         | 1 2 3 4 |  4.8
Long Blades    | 2 3 |  3.0

Action                     |  1- 3 |  4- 6 |  7- 9 | 10-12 | 13-15 || total
---------------------------+-------+-------+-------+-------+-------++-------
  Melee: Unarmed           |    75 |    17 |       |       |       ||    92
         Broad axe         |       |    38 |   267 |   498 |   940 ||  1743
         Punch             |       |       |     4 |       |       ||     4
         Rapier            |       |       |       |     4 |       ||     4
         Scimitar          |       |       |       |     6 |    21 ||    27
  Throw: Boomerang         |       |     2 |       |       |     6 ||     8
 Invoke: Upheaval          |       |       |       |     1 |     1 ||     2
  Evoke: Wand              |       |       |       |     5 |    13 ||    18
         Lightning rod     |       |       |       |       |     2 ||     2
    Use: Scroll            |       |     5 |    15 |     7 |     7 ||    34
         Potion            |       |       |       |     3 |     6 ||     9
   Stab: Sleeping          |     1 |     1 |       |       |       ||     2
 Armour: Robe              |    18 |    33 |    46 |       |       ||    97
         Acid dragon scale |       |       |       |    76 |   210 ||   286
  Dodge: Dodged            |    40 |    29 |   115 |   154 |   291 ||   629
         Repelled          |       |       |       |     3 |     6 ||     9
  Block: Other             |       |     2 |    37 |       |       ||    39
         Kite shield       |       |       |    10 |   586 |  1133 ||  1729
         Reflection        |       |       |       |    15 |     8 ||    23
